 Dungeon Crawl Stone Soup version 0.23-a0-449-g8e4cbf7 (webtiles) character file.

65 Lavandula the Gusty (level 4, -7/39 HPs)
             Began as a Naga Air Elementalist on Nov 21, 2018.
             Mangled by a gnoll
             ... wielding a +0 spear
              (8 damage)
             ... on level 3 of the Dungeon.
             The game lasted 00:04:10 (605 turns).

Lavandula the Gusty (Naga Air Elementalist)          Turns: 605, Time: 00:04:11

Health: -7/39      AC:  2    Str: 10    XL:     4   Next: 13%
Magic:  1/8        EV: 10    Int: 17    God:
Gold:   65         SH:  0    Dex: 11    Spells: 5/8 levels left

rFire    . . .     SeeInvis +   d - +0 dagger
rCold    . . .     Gourm    .   (no shield)
rNeg     . . .     Faith    .   a - +0 robe
rPois    +         Spirit   .   (no helmet)
rElec    .         Reflect  .   (no cloak)
rCorr    .         Harm     .   (no gloves)
MR       .....                  (no barding)
Stlth    ++........             (no amulet)
HPRegen  0.13/turn              (no ring)
MPRegen  0.11/turn              (no ring)

@: very slightly contaminated, very slow
A: large, see invisible, deformed body, poison resistance, slowness 2, slow
metabolism 1, spit poison 1, AC +1
a: Spit Poison


You were on level 3 of the Dungeon.
You were not hungry.

You visited 1 branch of the dungeon, and saw 4 of its levels.

You collected 65 gold pieces.

Inventory:

Hand Weapons
 d - a +0 dagger (weapon)
Armour
 a - a +0 robe (worn)
Wands
 h - a wand of enslavement (7)
Scrolls
 e - a scroll of remove curse {unknown}
 f - 2 scrolls of fog {unknown}
 g - a scroll of identify {unknown}
Potions
 b - a potion of lignification {unknown}
 i - a potion of curing {unknown}
Comestibles
 c - 2 rations


   Skills:
 - Level 2.0 Fighting
 + Level 1.7 Dodging
 - Level 3.0 Stealth
 - Level 2.7 Spellcasting
 - Level 1.0 Conjurations
 - Level 3.5 Air Magic


You had 5 spell levels left.
You knew the following spells:

 Your Spells              Type           Power        Failure   Level  Hunger
a - Shock                 Conj/Air       ##..         7%          1    #......
b - Swiftness             Chrm/Air       #.......     13%         2    ##.....

Your spell library contained the following spells:

 Spells                   Type           Power        Failure   Level  Hunger
 Static Discharge         Conj/Air       ##......     22%         3    ###....
 Airstrike                Air            ##........   38%         4    #####..
 Lightning Bolt           Conj/Air       ##........   89%         5    ######.


Dungeon Overview and Level Annotations

Branches:
Dungeon (4/15)
 Temple: D:4-7

Altars:
Okawaru

Annotations:
D:3 exclusion: phantom


Innate Abilities, Weirdness & Mutations

You cannot wear boots.
Your serpentine skin is tough. (AC +1)
You have supernaturally acute eyesight. (SInv)
Armour fits poorly on your strangely shaped body.
Your system is resistant to poisons. (rPois)
You cover ground very slowly.
You have a slow metabolism.
You can spit poison.


Message History

Press: ? - help, Shift-Dir - straight line, f/p - gnoll
Aim: a gnoll, wielding a +0 spear (almost dead)
You miscast Shock.
You hear a whooshing sound.
The goblin shoots a stone.
The stone hits you.
* * * LOW HITPOINT WARNING * * *
The gnoll hits you with a +0 spear.
* * * LOW HITPOINT WARNING * * *
Unknown command.
Casting: Shock (safe; 7% risk of failure)
Confirm with . or Enter, or press ? or * to list all spells.
Aiming: Shock (safe; 7% risk of failure)
Press: ? - help, Shift-Dir - straight line, f/p - gnoll
Aim: a gnoll, wielding a +0 spear (almost dead)
The zap hits the gnoll.
The gnoll is almost dead.
You have got your breath back.
The goblin shoots a stone.
The stone hits you but does no damage. The gnoll hits you with a +0 spear!
You die...

......###...####.....#
......# ###...##.....#
....### ##...#.....#
.#### ###...##.....##
.# ###...####..)...# .#
#...######......#
.#######.####..)......#
......†...............#
...#########....@g....#
...# #.........## ...#
##.........# ...#
#...........≈ ...#
#.........≈≈≈≈ ####
#.....≈≈≈≈≈≈##
#....≈≈≈≈≈≈≈#
##..≈≈≈..g..#
##.≈≈......#


You could see a gnoll and a goblin.

Vanquished Creatures
  2 gnolls (D:3)
  3 adders
  A leopard gecko (D:1)
  2 goblins
  2 jackals (D:3)
  A quokka (D:3)
  A ball python (D:2)
  2 bats (D:3)
  A frilled lizard (D:2)
  2 rats
17 creatures vanquished.

Vanquished Creatures (collateral kills)
  A gnoll (D:3)
1 creature vanquished.

Vanquished Creatures (others)
  5 toadstools (D:1)
5 creatures vanquished.

Grand Total: 23 creatures vanquished

Notes
Turn   | Place    | Note
-------+----------+-------------------------------------------
     0 | D:1      | Lavandula the Naga Air Elementalist began the quest for the
                  | Orb.
     0 | D:1      | Reached XP level 1. HP: 15/15 MP: 3/3
   209 | D:2      | Reached XP level 2. HP: 15/22 MP: 5/5
   285 | D:3      | Noticed a phantom
   450 | D:3      | Reached XP level 3. HP: 28/28 MP: 0/7
   454 | D:3      | Learned a level 2 spell: Swiftness
   519 | D:3      | Reached skill level 1 in Fighting
   526 | D:3      | Found an iron altar of Okawaru.
   586 | D:3      | Reached XP level 4. HP: 39/39 MP: 3/8
   604 | D:3      | HP: 1/39 [gnoll/+0 spear (5)]
   605 | D:3      | Mangled by a gnoll

Vault maps used:
D:1:      ldierk_walled_garden, chequers_hall_statues_wall_a, roderic_lattice_a
D:2:      overflow_temple_1_default
D:3:      kennysheep_goblin_castle, lemuel_crystal_altar,
          nicolae_overflow_hidden_temple, serial_curves, eino_curves_03,
          eino_curves_03, eino_curves_03, minivault_11
D:4:      minmay_general_purpose_star, trog_eyes_of_draining,
          nicolae_gozag_cash_rules_everything_around_me

Skill      XL: |  1  2  3 |
---------------+----------+-----
Fighting       | 2 |  2.0
Dodging        | |  1.7
Stealth        | |  3.0
Spellcasting   | |  2.7
Conjurations   | |  1.0
Air Magic      | |  3.5

Action                   |  1- 3 |  4- 6 || total
-------------------------+-------+-------++-------
Melee: Dagger            |    11 |     2 ||    13
 Cast: Shock             |    25 |     4 ||    29
 Abil: Spit Poison       |    15 |     2 ||    17
Evoke: Wand              |       |     1 ||     1
 Stab: Sleeping          |     1 |       ||     1
Armor: Robe              |     1 |     1 ||     2
Dodge: Dodged            |    18 |     8 ||    26

Table legend:
 A = Non-vault XP
 B = Vault XP
 C = Vault XP percentage of total XP
 D = Non-vault monster count
 E = Vault monster count
 F = Vault count percentage of total count
                 A         B        C        D         E       F
            +---------+---------+-------+---------+---------+-------
      Total |      93 |       0 |   0.0 |      18 |       0 |   0.0
            +---------+---------+-------+---------+---------+-------
        D:1 |       4 |       0 |   0.0 |       2 |       0 |   0.0
        D:2 |      17 |       0 |   0.0 |       4 |       0 |   0.0
        D:3 |      72 |       0 |   0.0 |      12 |       0 |   0.0
            +---------+---------+-------+---------+---------+-------
